 Dungeon Crawl Stone Soup version 0.20.0 (webtiles) character file.

116 MatthieuS the Digger (level 5, -10/42 HPs)
             Began as a Gargoyle Earth Elementalist on June 18, 2017.
             Mangled by Kave's ghost (11 damage)
             ... on level 4 of the Dungeon.
             The game lasted 00:10:20 (2697 turns).

MatthieuS the Digger (Gargoyle Earth Elementalist)  Turns: 2697, Time: 00:10:20

Health: -10/42     AC: 22    Str: 11    XL:     5   Next: 0%
Magic:  1/10       EV:  2    Int: 17    God:
Gold:   144        SH:  0    Dex: 10    Spells: 5/11 levels left

rFire    . . .     SeeInvis .   h - +1 whip
rCold    . . .     Gourm    .   (no shield)
rNeg     + + +     Faith    .   (armour currently unavailable)
rPois    ∞         Spirit   .   (helmet currently unavailable)
rElec    .         Reflect  .   (cloak currently unavailable)
rCorr    .         Harm     .   (gloves currently unavailable)
MR       .....     NoTele   +   (boots currently unavailable)
Stlth    +++.......             (no amulet)
Regen    0.2/turn               u - ring of stealth
MPRegen  0.2/turn               (no ring)

@: tree-form
A: negative energy resistance 1, petrification resistance, rot immunity, AC +4
a: no special abilities


You were on level 4 of the Dungeon.
You were not hungry.
You were a tree.
You visited 1 branch of the dungeon, and saw 4 of its levels.

You collected 144 gold pieces.

Inventory:

Hand Weapons
 h - a +1 whip (weapon)
Missiles
 b - 68 stones (quivered)
 g - 8 javelins
Armour
 c - a +0 robe
 f - a +0 leather armour (melded)
 w - a +0 pair of gloves (melded)
Jewellery
 u - a ring of stealth (left branch)
Scrolls
 a - a scroll of enchant weapon
 j - 3 scrolls of amnesia
 n - a scroll of blinking {unknown}
 o - 2 scrolls of teleportation {unknown}
 p - a scroll of noise {unknown}
 r - 4 scrolls of identify {unknown}
Potions
 l - a potion of heal wounds
Books
 e - a book of Geomancy

   Spells                             Type                      Level
   a - Sandblast                      Earth                        1
   b - Passwall                       Transmutation/Earth          2
   c - Stone Arrow                    Conjuration/Earth            3
   d - Petrify                        Transmutation/Earth          4
   e - Lee's Rapid Deconstruction     Earth                        5
 t - a book of Minor Magic

   Spells                             Type                      Level
   a - Magic Dart                     Conjuration                  1
   b - Blink                          Translocation                2
   c - Call Imp                       Summoning                    2
   d - Slow                           Hexes                        2
   e - Conjure Flame                  Conjuration/Fire             3
   f - Mephitic Cloud                 Conjuration/Poison/Air       3
 x - a Grand Grimoire

   Spells                             Type                      Level
   a - Monstrous Menagerie            Summoning                    7
   b - Summon Greater Demon           Summoning                    7
   c - Malign Gateway                 Summoning/Translocation      7
   d - Summon Horrible Things         Summoning                    8
Comestibles
 d - 4 bread rations
 q - 2 chunks of flesh
 s - a royal jelly
 v - a meat ration


   Skills:
 - Level 1.5 Dodging
 - Level 2.1 Stealth
 + Level 3.5 Spellcasting
 - Level 0.7 Transmutations
 + Level 5.3 Earth Magic


You had 5 spell levels left.
You knew the following spells:

 Your Spells              Type           Power        Failure   Level  Hunger
a - Sandblast             Erth           ###...       1%          1    None
b - Passwall              Tmut/Erth      ##........   8%          2    ##.....
c - Stone Arrow           Conj/Erth      ##....       17%         3    ###....


Dungeon Overview and Level Annotations

Branches:
Dungeon (4/15)
 Temple: D:4-7

Altars:
Dithmenos

Annotations:
D:4 Kave's ghost, novice TrTm


Innate Abilities, Weirdness & Mutations

You are resistant to torment.
((Your stone body is resilient. (AC +4)))
You are immune to poison.
You resist negative energy. (rN+)
((You are resistant to electric shocks. (rElec)))
((You can survive without breathing.))
You are immune to petrification.
You are immune to rotting.


Message History

* * * LOW HITPOINT WARNING * * *
You hit Kave's ghost.
Kave's ghost is severely damaged.
Kave's ghost hits you!
* * * LOW HITPOINT WARNING * * *
As you read the scroll labeled HUSETIE PUNE, it crumbles to dust.
It is a scroll of enchant weapon.
Your +0 whip glows red for a moment.
Kave's ghost hits you but does no damage.
As you read the scroll labeled INOMIMUPRO, it crumbles to dust.
You feel aware of your surroundings.
It was a scroll of magic mapping.
Kave's ghost hits you.
* * * LOW HITPOINT WARNING * * *
You closely miss Kave's ghost.
Kave's ghost is severely damaged.
Kave's ghost hits you but does no damage.
You hit Kave's ghost.
Kave's ghost is almost destroyed.
Kave's ghost hits you!
You die...

#.....# #.....# #.....#
####.....# ***********
..###.##### ### *,,,,,,,**,
..........# #.# *,,,,,,,*,,
..#.#.###.### #%# *,,,,,,,,,*
....#.# #...####.# *,,,,,,,,**
#.....#####.....♣######,,,,,,,,**
##.............?W.......,,,,,,,**
###....########...#####.,,,,,,***
........### #.#.....*,,,,,,,* *
....#.....## #.#####..,,,,,,,* *
......#....####.# ***,,,,,,,***
###.#..#.....##.#### ****.*,,,*
#..#..............# ***#..***,*
#.##.#####........# *,..,,* *,**


You could see Kave's ghost.

Vanquished Creatures
  3 adders
  An ooze (D:3)
  3 dart slugs
  6 leopard geckos
  An orc (D:3)
  A giant cockroach (D:2)
  9 goblins
  5 hobgoblins
  12 jackals
  9 kobolds
  2 bats
  6 frilled lizards
  10 rats
68 creatures vanquished.

Notes
Turn   | Place    | Note
-------+----------+-------------------------------------------
     0 | D:1      | MatthieuS the Gargoyle Earth Elementalist began the quest for the Orb.
     0 | D:1      | Reached XP level 1. HP: 10/10 MP: 3/3
   227 | D:1      | Reached skill level 4 in Earth Magic
   227 | D:1      | Reached XP level 2. HP: 11/15 MP: 5/5
   822 | D:1      | Reached XP level 3. HP: 9/19 MP: 5/7
  1551 | D:2      | Reached XP level 4. HP: 13/24 MP: 6/8
  1771 | D:2      | Learned a level 2 spell: Passwall
  1835 | D:2      | Found a shadowy altar of Dithmenos.
  1838 | D:2      | Reached skill level 5 in Earth Magic
  2636 | D:4      | Reached XP level 5. HP: 28/28 MP: 8/10
  2641 | D:4      | Learned a level 3 spell: Stone Arrow
  2676 | D:4      | Noticed Kave's ghost (novice TrTm)
  2693 | D:4      | HP: 1/42 [Kave's ghost (9)]
  2697 | D:4      | Mangled by Kave's ghost

Skill      XL: |  1  2  3  4 |
---------------+-------------+-----
Earth Magic    | 4 5 |  5.3
Spellcasting   | 3 |  3.5
Dodging        | |  1.5
Stealth        | |  2.1
Transmutations | |  0.7

Action                   |  1- 3 |  4- 6 || total
-------------------------+-------+-------++-------
Melee: Whip              |   128 |    84 ||   212
 Cast: Sandblast         |    23 |    23 ||    46
  Use: Potion            |     1 |     3 ||     4
       Scroll            |       |     3 ||     3
 Stab: Sleeping          |     1 |     4 ||     5
  Eat: Chunk             |     2 |     4 ||     6
Armor: Leather armour    |    87 |    24 ||   111
       Robe              |     2 |       ||     2
       Skin              |       |     5 ||     5
Dodge: Dodged            |   135 |    49 ||   184
